 Dungeon Crawl Stone Soup version 0.30-a0-847-g17996783a1 (webtiles) character file.

Game seed: 1881578280663290537

52 Lobster4 the Charlatan (level 4, 0/32 HPs)
             Began as a Human Artificer on Mar 3, 2023.
             Succumbed to an adder's poison
             ... on level 2 of the Dungeon.
             The game lasted 00:04:18 (1214 turns).

Lobster4 the Charlatan (Human Artificer)            Turns: 1214, Time: 00:04:18

Health: 0/32       AC:  3    Str: 13 (14) XL:     4   Next: 8%
Magic:  4/4        EV: 11    Int:  8 (11) God:
Gold:   42         SH:  0    Dex: 13 (14) Spells: 3/3 levels left

rFire   . . .      SeeInvis .    q - +2 dagger (drain)
rCold   . . .      Faith    .    (no shield)
rNeg    . . .      Spirit   .    b - +0 leather armour
rPois   .          Reflect  .    (no helmet)
rElec   .          Rampage  .    l - scarf {repulsion}
rCorr   .                        (no gloves)
Will    .....                    (no boots)
Stlth   ++                       (no amulet)
HPRegen 0.25/turn                (no ring)
MPRegen 0.09/turn                (no ring)

@: lethally poisoned (0 -> -1), repel missiles
A: no striking features
a: no special abilities


You were on level 2 of the Dungeon.
You visited 1 branch of the dungeon, and saw 2 of its levels.

You collected 42 gold pieces.

Inventory:

Hand Weapons
 a - a +0 club
 h - a +0 whip
 i - a +0 short sword
 q - a +2 dagger of draining (weapon)
Missiles
 n - 4 stones
Armour
 b - a +0 leather armour (worn)
 l - a scarf of repulsion (worn)
Wands
 d - a wand of charming (13)
 e - a wand of iceblast (5)
Scrolls
 f - a scroll of summoning {unknown}
 g - a scroll of enchant weapon {unknown}
 m - a scroll of magic mapping {unknown}
 o - 3 scrolls of noise {unknown}
Potions
 k - a potion of haste {unknown}
 p - a potion of degeneration


   Skills:
 + Level 1.6 Fighting
 - Level 1.0 Maces & Flails
 + Level 2.3 Armour
 + Level 1.6 Dodging
 + Level 1.7 Stealth
 + Level 3.3 Evocations


You had 3 spell levels left.
You didn't know any spells.
Your spell library contained the following spells:

 Spells                   Type           Power      Damage    Failure   Level
 Dazzling Flash           Conj/Hex       0%         N/A       86%         3
 Iskenderun's Mystic Bla  Conj/Tloc      0%         2d3       99%         4
 Starburst                Conj/Fire      0%         6d3       100%        6


Dungeon Overview and Level Annotations

Branches:
Dungeon (2/15)

Altars:


Message History

You kill the adder!
You feel very sick. The bat barely misses you. The bat hits you.
Training target 1.0 for Maces & Flails reached!
Your Maces & Flails skill increases to level 1!
You have reached level 4!
You feel agile.
You are too injured to fight recklessly!
Unknown command.
It was a potion of degeneration.
There was something very wrong with that liquid.
You feel weakened.
You feel dopey.
You feel clumsy.
You feel sick. The bat barely misses you.
You miss the bat.
You feel sick. The bat closely misses you. The bat hits you.
* * * LOW HITPOINT WARNING * * *
Aiming: Throw Flame
Press: ? - help, Q - select action, (/) - cycle Shift-Dir - straight line, f - bat
Aim: a bat (57% to hit)
The puff of flame hits the bat.
You kill the bat!
You feel sick.
Aiming: Throw Flame
Press: ? - help, Q - select action, (/) - cycle Shift-Dir - straight line, f - endoplasm
Aim: an endoplasm (98% to hit)
The puff of flame hits the endoplasm.
The endoplasm is almost dead.
You feel sick. The endoplasm freezes you.
You are frozen.
* * * LOW HITPOINT WARNING * * *
Aiming: Throw Flame
Press: ? - help, Q - select action, (/) - cycle Shift-Dir - straight line, f/p - endoplasm
Aim: an endoplasm (almost dead, 98% to hit)
The puff of flame hits the endoplasm!
You kill the endoplasm!
The now-empty wand crumbles to dust.
* * * LOW HITPOINT WARNING * * *
You feel sick.
It was a potion of magic.
Magic courses through your body.
You die...

.... #. . .... .#. ..# ...
..# ..## #.# #.##.#.#
#.##.#.#### ##+##
#†##......# ##...##
#@####.##.#
##...[.###......##.#
##.......######.###.#
#.........####......#####.##
+.....<...+ .......#........
#.........# ##....###.######
##.......## #...## ##.#
##.....######....###.##
##...#......##...#.##


There were no monsters in sight!

Vanquished Creatures
  2 adders (D:2)
  3 ball pythons (D:1)
  2 bats
  5 endoplasms
  A giant cockroach (D:1)
  2 hobgoblins (D:1)
  5 jackals (D:1)
  2 kobolds (D:1)
  A frilled lizard (D:1)
  5 goblins
  A rat (D:1)
29 creatures vanquished.

Vanquished Creatures (others)
  4 plants (D:1)
4 creatures vanquished.

Grand Total: 33 creatures vanquished

Notes
Turn   | Place    | Note
-------+----------+-------------------------------------------
     0 | D:1      | Lobster4 the Human Artificer began the quest for the Orb.
     0 | D:1      | Reached XP level 1. HP: 15/15 MP: 1/1
   267 | D:1      | Reached XP level 2. HP: 10/21 MP: 2/2
   654 | D:1      | Reached XP level 3. HP: 26/26 MP: 3/3
  1088 | D:1      | Found a faded altar of an unknown god.
  1209 | D:2      | Reached skill level 1 in Maces & Flails
  1209 | D:2      | Reached XP level 4. HP: 11/32 MP: 4/4
  1213 | D:2      | HP: 1/32 [poisoned by an adder]
  1214 | D:2      | Succumbed to an adder's poison

Illustrated notes

Levels and vault maps discovered:
D:1:      eino_arrival_druids_welcome, layout_basic,
          shapermc_ecumenical_altar_mp_vishouse
D:2:      layout_loops_corners, uniq_natasha

Skill      XL: |  1  2  3 |
---------------+----------+-----
Maces & Flails | 1 |  1.0
Fighting       | |  1.6
Armour         | |  2.3
Dodging        | |  1.6
Stealth        | |  1.7
Evocations     | |  3.3

Action                     |  1- 3 |  4- 6 || total
---------------------------+-------+-------++-------
  Melee: Club              |    25 |       ||    25
         Whip              |    50 |       ||    50
         Short sword       |    29 |       ||    29
         Dagger            |    11 |     1 ||    12
  Throw: Stone             |     4 |       ||     4
  Evoke: Wand              |    14 |     3 ||    17
    Use: Potion            |       |     2 ||     2
   Stab: Sleeping          |     1 |       ||     1
 Armour: Leather armour    |    35 |       ||    35
  Dodge: Dodged            |    68 |     2 ||    70

Table legend: (Time is in decaauts)
 A = Elapsed time spent in this place.
 B = Non-inter-level travel time spent in this place.
 C = Inter-level travel time spent in this place.
 D = Time resting spent in this place.
 E = Time spent auto-exploring this place.
 F = Levels seen in this place.
 G = Mean time per level.
                   A        B        C        D        E       F      G
               +--------+--------+--------+--------+--------+-----+--------+
         Total |   1224 |   1187 |     37 |    137 |    732 |   2 |  612.0 |
       Dungeon |   1224 |   1187 |     37 |    137 |    732 |   2 |  612.0 |
               +--------+--------+--------+--------+--------+-----+--------+

Top non-repeatable levels by time:
     D:1: 1138 daAuts
     D:2: 86 daAuts
